 Dungeon Crawl Stone Soup version 0.28-a0-472-g50180c0d78 (webtiles) character file.

Game seed: 6033578062721051794

21 cjd the Digger (level 2, 0/15 HPs)
             Began as a Gargoyle Earth Elementalist on Sept 15, 2021.
             Slain by a gnoll (4 damage)
             ... on level 1 of the Dungeon.
             The game lasted 00:01:28 (857 turns).

cjd the Digger (Gargoyle Earth Elementalist)         Turns: 857, Time: 00:01:29

Health: 0/15       AC:  4    Str: 11    XL:     2   Next: 83%
Magic:  4/5        EV: 11    Int: 15    God:
Gold:   45         SH:  0    Dex: 10    Spells: 5/6 levels left

rFire   . . .      SeeInvis .   a - +0 dagger
rCold   . . .      Faith    .   (no shield)
rNeg    + . .      Spirit   .   b - +0 robe
rPois   ∞          Reflect  .   (no helmet)
rElec   +          Harm     .   (no cloak)
rCorr   .          Rampage  .   (no gloves)
Will    .....                   (no boots)
Stlth   ++........              (no amulet)
HPRegen 0.05/turn               (no ring)
MPRegen 0.09/turn               (no ring)

@: no status effects
A: sickness immunity, AC +2, negative energy resistance 1, electricity
resistance, torment resistance 1, petrification resistance
a: no special abilities


You were on level 1 of the Dungeon.
You visited 1 branch of the dungeon, and saw 1 of its levels.

You collected 45 gold pieces.

Inventory:

Hand Weapons
 a - a +0 dagger (weapon)
Missiles
 c - 50 stones
Armour
 b - a +0 robe (worn)


   Skills:
 - Level 1.5 Dodging
 - Level 2.1 Stealth
 + Level 2.5 Spellcasting
 - Level 0.7 Transmutations
 + Level 4.2 Earth Magic


You had 5 spell levels left.
You knew the following spells:

 Your Spells              Type           Power      Damage    Failure   Level
a - Sandblast             Erth           28%        2d8       3%          1

Your spell library contained the following spells:

 Spells                   Type           Power      Damage    Failure   Level
 Passwall                 Tmut/Erth      7%         N/A       12%         2
 Sting                    Tmut/Pois      12%        1d3       19%         1
 Stone Arrow              Conj/Erth      16%        3d8       26%         3
 Poisonous Vapours        Pois/Air       2%         N/A       32%         2
 Petrify                  Tmut/Erth      9%         N/A       58%         4
 Olgreb's Toxic Radiance  Pois           1%         N/A       91%         4


Dungeon Overview and Level Annotations

Branches:
Dungeon (1/15)

Altars:


Innate Abilities, Weirdness & Mutations

You are immune to sickness and miasma.
Your stone body is resilient. (AC +2)
You are immune to poison.
You resist negative energy. (rN+)
You are resistant to electric shocks. (rElec)
You are resistant to unholy torment.
You are immune to petrification.


Message History

The gnoll shouts!
You closely miss the bat. The bat closely misses you. x2
You hit the endoplasm but do no damage. The bat hits you but does no damage. x2
The endoplasm hits you. The bat barely misses you.
You barely miss the endoplasm. The bat hits you but does no damage.
The endoplasm barely misses you.
You hit the endoplasm but do no damage. The bat hits you. The bat misses you.
The endoplasm barely misses you. The bat barely misses you.
You hit the endoplasm.
The endoplasm is moderately wounded.
The bat misses you. The bat hits you but does no damage.
The endoplasm freezes you.
You are frozen.
The bat hits you but does no damage.
You hit the endoplasm.
You kill the endoplasm!
The bat hits you but does no damage. The gnoll hits you with a +0 club.
* * * LOW HITPOINT WARNING * * *
You are too injured to fight recklessly!
You are too injured to fight recklessly!
You are too injured to fight recklessly!
You are too injured to fight recklessly!
You are too injured to fight recklessly!
You are too injured to fight recklessly!
You are too injured to fight recklessly!
Unknown command.
Casting: Sandblast (safe; 3% risk of failure)
Confirm with . or Enter, or press ? or * to list all spells.
Aiming: Sandblast (safe; 3% risk of failure)
Press: ? - help, Shift-Dir - straight line, f - gnoll
Aim: a gnoll, wielding a +0 club (82% to hit)
Okay, then.
Unknown command.
Casting: Sandblast (safe; 3% risk of failure)
Confirm with . or Enter, or press ? or * to list all spells.
Aiming: Sandblast (safe; 3% risk of failure)
Press: ? - help, Shift-Dir - straight line, f - gnoll
Aim: a gnoll, wielding a +0 club (82% to hit)
The blast of sand hits the gnoll but does no damage.
The gnoll hits you with a +0 club.
You die...

#.# # #####.# ..
.....# #. #.#..#
#..#.#..##########
#................#
##.##..#.#.#####.#
####.##..#.#.#####.#
#......@.#......##.#
#.....bg####.##.##.#
#............##.##.#
#.......####.......#
#.......# ####.####
#.......# #.....#
........#####.....#
###...#.^..##.....#
#.##.##.....#


You could see a gnoll and a bat.

Vanquished Creatures
  A dart slug (D:1)
  2 ball pythons (D:1)
  3 endoplasms (D:1)
  A giant cockroach (D:1)
  4 goblins (D:1)
  3 kobolds (D:1)
  2 bats (D:1)
  2 rats (D:1)
18 creatures vanquished.

Notes
Turn   | Place    | Note
-------+----------+-------------------------------------------
     0 | D:1      | cjd the Gargoyle Earth Elementalist began the quest for the
                  | Orb.
     0 | D:1      | Reached XP level 1. HP: 10/10 MP: 3/3
     1 | D:1      | Noticed an electric eel
   211 | D:1      | Found a faded altar of an unknown god.
   224 | D:1      | Reached XP level 2. HP: 13/15 MP: 3/5
   225 | D:1      | Reached skill level 4 in Earth Magic
   857 | D:1      | Slain by a gnoll

Illustrated notes

Levels and vault maps discovered:
D:1:      arrival_aquarium_a, layout_loops_cross, ebering_ecumenical_altar_rust,
          minmay_ruptured

Skill      XL: |  1  2 |
---------------+-------+-----
Earth Magic    | 4 |  4.2
Dodging        | |  1.5
Stealth        | |  2.1
Spellcasting   | |  2.5
Transmutations | |  0.7

Action                   || total
-------------------------++-------
Melee: Dagger            ||    55
       Unarmed           ||     1
 Cast: Sandblast         ||    12
 Stab: Sleeping          ||     2
Armor: Robe              ||    29
Dodge: Dodged            ||    43

Table legend: (Time is in decaauts)
 A = Elapsed time spent in this place.
 B = Non-inter-level travel time spent in this place.
 C = Inter-level travel time spent in this place.
 D = Time resting spent in this place.
 E = Time spent auto-exploring this place.
 F = Levels seen in this place.
 G = Mean time per level.
                   A        B        C        D        E       F      G
               +--------+--------+--------+--------+--------+-----+--------+
         Total |    856 |    856 |      0 |     65 |    657 |   1 |  856.0 |
       Dungeon |    856 |    856 |      0 |     65 |    657 |   1 |  856.0 |
               +--------+--------+--------+--------+--------+-----+--------+

Top non-repeatable levels by time:
     D:1: 856 daAuts
